 Seeded DCSS version 0.30-a0-857-gcaf70739d4 (webtiles) character file.

Game seed: 18242870539230726858 (custom seed)

1781 bmack86 the Cleaver (level 8, -6/71 HPs)
             Began as a Minotaur Fighter on Mar 6, 2023.
             Was a Believer of Okawaru.
             Mangled by an orc warrior
             ... wielding a +0 war axe
              (11 damage)
             ... in a bailey.
             The game lasted 00:13:32 (5176 turns).

bmack86 the Cleaver (Minotaur Fighter)              Turns: 5176, Time: 00:13:32

Health: -6/71      AC: 18    Str: 23    XL:     8   Next: 81%
Magic:  8/9        EV:  7    Int:  5    God:    Okawaru [**....]
Gold:   321        SH:  5    Dex: 10    Spells: 7/7 levels left

rFire   . . .      SeeInvis .    a - +1 war axe
rCold   + . .      Faith    .    c - +0 buckler
rNeg    . . .      Spirit   .    B - +1 chain mail {Will+}
rPois   +          Reflect  .    (helmet restricted)
rElec   +          Rampage  .    D - +1 cloak
rCorr   +                        b - +0 pair of gloves of Sin {rElec rC+ rCorr}
Will    +....                    k - +2 pair of boots {Fly} Stlth
                                 q - amulet of regeneration
HPRegen 1.11/turn                j - ring of poison resistance
MPRegen 0.11/turn                (no ring)

@: flying
A: horns 2, retaliatory headbutt
a: Renounce Religion, Heroism


You were in a bailey.
You worshipped Okawaru.
Okawaru was pleased with you.
You visited 2 branches of the dungeon, and saw 8 of its levels.
You also visited: Bailey.

You collected 466 gold pieces.
You spent 145 gold pieces at shops.

Inventory:

Hand Weapons
 a - a +1 war axe (weapon)
Missiles
 f - 17 boomerangs (quivered)
Armour
 b - the +0 pair of gloves of Sin (worn) {rElec rC+ rCorr}
   (You acquired it on level 5 of the Dungeon)

   rC:        It protects you from cold.
   rElec:     It insulates you from electricity.
   rCorr:     It protects you from acid and corrosion.
 c - a +0 buckler (worn)
 k - a +2 pair of boots of flying (worn)
 B - a +1 chain mail of willpower (worn)
 D - a +1 cloak (worn)
Jewellery
 j - a ring of poison resistance (left hand)
 q - an amulet of regeneration (around neck)
 y - a ring of flight
Scrolls
 h - 2 scrolls of vulnerability
 i - 4 scrolls of identify
 o - 2 scrolls of teleportation
 r - a scroll of fog
 s - a scroll of torment
 t - a scroll of enchant armour {unknown}
 u - a scroll of immolation
 v - 2 scrolls of poison
 w - a scroll of blinking
 z - 2 scrolls of noise
 C - a scroll of magic mapping {unknown}
Potions
 d - a potion of might
 e - 2 potions of attraction {unknown}
 g - 3 potions of mutation {unknown}
 l - 3 potions of curing
 m - a potion of invisibility {unknown}
 n - a potion of degeneration {unknown}
 p - a potion of haste {unknown}
 x - a potion of magic
 A - 2 potions of lignification


   Skills:
 + Level 6.6 Fighting
 * Level 8.3 Axes
 + Level 2.8 Throwing
 + Level 6.6 Armour
 + Level 6.6 Shields
 + Level 2.8 Invocations


You had 7 spell levels left.
You didn't know any spells.
Your spell library contained the following spells:

 Spells                   Type           Power      Damage    Failure   Level
 Kiss of Death            Conj/Necr      0%         2d5       99%         1
 Magic Dart               Conj           0%         1d3       99%         1
 Lesser Beckoning         Tloc           0%         N/A       100%        2
 Confusing Touch          Hex            0%         N/A       100%        3
 Gell's Gravitas          Tloc           0%         N/A       100%        3
 Mephitic Cloud           Conj/Pois/Air  0%         N/A       100%        3
 Teleport Other           Tloc           0%         N/A       100%        3
 Dispel Undead            Necr           0%         3d6       100%        4
 Call Imp                 Summ           Unusable   N/A       N/A         2

Dungeon Overview and Level Annotations

Branches:
Dungeon (7/15)             Temple (1/1) D:6          Bailey (1/1)

Altars:
Cheibriados
Gozag
Kikubaaqudgha
Okawaru
Qazlal
Ru
Trog
Vehumet
Wu Jian
Yredelemnul
Zin
The Shining One

Shops:
D:1 ((*[*   D:2 *   D:6 *

Annotations:
Temple 2 transporters


Innate Abilities, Weirdness & Mutations

You have a pair of horns on your head.
You reflexively headbutt those who attack you in melee.


Message History

The orc knight hits you with a +0 war axe.
A kobold comes into view.
The orc knight attacks as you move away!
The orc knight hits you but does no damage.
You slash the orc warrior!
The orc warrior is moderately wounded.
The orc knight roars a battlecry!
The orc warrior goes into a battle-frenzy!
You feel like a meek peon again.
The orc knight hits you with a +0 war axe.
There is an open door, spattered with blood here.
You hit the orc knight.
The orc knight is lightly wounded.
You closely miss the orc warrior. You slash the kobold!
You kill the kobold!
Okawaru accepts your kill. The orc warrior closely misses you.
The orc knight hits you with a +0 war axe!
You closely miss the orc knight.
The orc knight is lightly wounded.
You hit the orc warrior.
The orc warrior no longer looks unusually strong.
The orc warrior hits you with a +0 war axe.
You block the orc knight's attack.
You closely miss the orc knight.
The orc knight is lightly wounded.
You barely miss the orc warrior.
The kobold shouts!
You hit the orc warrior.
The orc warrior hits you with a +0 war axe! x2
The orc knight hits you with a +0 war axe!!
* * * LOW HITPOINT WARNING * * *
The orc warrior hits you with a +0 war axe.
* * * LOW HITPOINT WARNING * * *
You closely miss the orc knight.
The orc knight is lightly wounded.
You hit the orc warrior but do no damage.
You hit the orc warrior.
The orc warrior hits you with a +0 war axe!
You die...

.....#.....'..
∩....#.....)..
....o#....))..
..8.8##...†#.. .
....?~#....##. ...
....[~#.....## ..K.###
~#~~~##......#
8.....o#########........
....).o@.....'....8..8..
.......#o~~~~#..........
8..8...#~~~~~#.........#
......##~~~~~##...8...##
?....##.......##.....##≈
#!$.##.........##...##≈≈
#### ♣♣♣.....♣♣♣ ####≈≈≈
♣♣♣∩♣♣♣ ♣♣♣♣


You could see an orc knight, 2 orc warriors and a kobold.

Vanquished Creatures
  Sigmund (D:2)
  A water moccasin (D:5)
  4 black bears
  An orc warrior (Bailey)
  An ogre (D:4)
  A centaur (D:6)
  3 phantoms
  A scorpion (D:4)
  3 hounds
  3 iguanas
  A sleepcap (D:5)
  4 orc wizards (D:5)
  11 gnolls
  8 adders
  A shadow imp (D:6)
  A white imp (D:6)
  An ufetubus (D:6)
  A worm (D:2)
  2 dart slugs
  10 orcs
  7 ball pythons
  6 endoplasms
  7 giant cockroaches
  19 goblins
  6 hobgoblins
  3 quokkas
  9 bats
  15 frilled lizards
  18 kobolds
  6 rats
155 creatures vanquished.

Vanquished Creatures (others)
  8 plants (D:1)
8 creatures vanquished.

Grand Total: 163 creatures vanquished

Notes
Turn   | Place    | Note
-------+----------+-------------------------------------------
     0 | D:1      | bmack86 the Minotaur Fighter began the quest for the Orb.
     0 | D:1      | Reached XP level 1. HP: 19/19 MP: 0/0
   249 | D:1      | Reached XP level 2. HP: 27/27 MP: 1/1
   250 | D:1      | Found Iczoal's Antique Armour Shop.
   324 | D:1      | Found Mazynewu's Weapon Shoppe.
   379 | D:1      | Found Mapt's Weapon Shop.
   388 | D:1      | Reached skill level 3 in Axes
   439 | D:1      | Found Ridunu's General Store.
   460 | D:1      | Bought a scroll of identify for 20 gold pieces
   554 | D:1      | Found Gaux's General Store.
   915 | D:2      | Reached XP level 3. HP: 33/33 MP: 2/2
   985 | D:2      | Noticed Sigmund
   996 | D:2      | Killed Sigmund
   997 | D:2      | Reached skill level 4 in Axes
   997 | D:2      | Reached XP level 4. HP: 20/41 MP: 3/3
   997 | D:2      | Reached XP level 5. HP: 23/47 MP: 4/4
  1476 | D:2      | Reached skill level 5 in Axes
  1532 | D:2      | Found Qerurash's Assorted Antiques.
  1549 | D:2      | Bought a thin malachite amulet for 125 gold pieces
  1746 | D:2      | Reached XP level 6. HP: 55/55 MP: 5/5
  1809 | D:2      | Identified the +0 leather armour of Xuytoo {rF++ rN+}
  2003 | D:3      | Reached skill level 5 in Armour
  2009 | D:3      | Reached skill level 5 in Fighting
  2173 | D:3      | Reached skill level 5 in Shields
  2695 | D:4      | Found an opulent altar of Gozag.
  2732 | D:4      | Reached skill level 6 in Axes
  2755 | D:4      | Reached XP level 7. HP: 54/61 MP: 6/6
  2803 | D:4      | Found an iron altar of Okawaru.
  2803 | D:4      | Found a sacrificial altar of Ru.
  2807 | D:4      | Became a worshipper of Warmaster Okawaru
  3326 | D:5      | Entered Level 5 of the Dungeon
  3548 | D:5      | Reached skill level 1 in Throwing
  3548 | D:5      | Reached skill level 1 in Invocations
  3555 | D:5      | Identified the +0 quarterstaff "Mujap" {heavy, Will+}
  3620 | D:5      | Reached * piety under Okawaru
  3657 | D:5      | Reached skill level 7 in Axes
  3657 | D:5      | Reached XP level 8. HP: 69/70 MP: 8/8
  4172 | D:5      | Identified a scroll of acquirement
  4174 | D:5      | Acquired the +0 pair of gloves of Sin {rElec rC+ rCorr}
  4242 | D:6      | Found Yffurim's Assorted Antiques.
  4467 | D:6      | Reached skill level 8 in Axes
  4543 | D:6      | Found a staircase to the Ecumenical Temple.
  4562 | Temple   | Entered the Ecumenical Temple
  4562 | Temple   | Found a transporter.
  4562 | Temple   | Found a transporter.
  4675 | D:6      | Reached ** piety under Okawaru
  4764 | D:6      | Found a snail-covered altar of Cheibriados.
  4792 | D:6      | Found an ornate altar of the Wu Jian Council.
  5023 | D:7      | Found a flagged portal.
  5036 | Bailey   | Entered a bailey
  5041 | Bailey   | Noticed an orc warlord
  5159 | Bailey   | Noticed an orc knight
  5176 | Bailey   | Mangled by an orc warrior

Illustrated notes

Levels and vault maps discovered:
D:1:      dpeg_arrival_stone_temple_mockup, layout_basic, serial_shops, shop,
          shop_statue, shop_statue, nicolae_shop_advertising_works
          [nicolae_subvault_shop_adworks], nicolae_shop_bloodbath_and_beyond,
          minmay_lizard_king
D:2:      layout_loops_ring, serial_shops, nicolae_lakefront_shop,
          minmay_pentomino_pile, uniq_sigmund
D:3:      layout_loops_ring
D:4:      layout_cave_pods, grunt_gozag_statues,
          mainiacjoe_overflow_divided_tiny
D:5:      minmay_angry_zag, layout_gridville
D:6:      layout_basic, mainiacjoe_overflow_two_lobes,
          minmay_temple_entry_slanted, serial_shops, nicolae_stop_n_shop_2,
          hangedman_decor_growths
D:7:      layout_layer_cave, enter_bailey_3, ebering_ghost_reflecting_pool
Temple:   hellmonk_temple_divided_pantheon
Bailey:   bailey_axe_bossmonster_kennysheep, bailey

Skill      XL: |  1  2  3  4  5  6  7  8 |
---------------+-------------------------+-----
Axes           | 3 4 5 6 7 8 |  8.3
Fighting       | 4 5 6 |  6.6
Shields        | 4 5 6 |  6.6
Armour         | 4 5 6 |  6.6
Throwing       | 1 2 |  2.8
Invocations    | 1 2 |  2.8

Action                     |  1- 3 |  4- 6 |  7- 9 || total
---------------------------+-------+-------+-------++-------
  Melee: War axe           |    71 |   138 |   142 ||   351
         Headbutt          |     2 |    27 |    30 ||    59
  Throw: Boomerang         |       |       |    12 ||    12
 Invoke: Heroism           |       |       |     1 ||     1
    Use: Scroll            |       |     6 |     9 ||    15
 Armour: Scale mail        |    33 |    41 |       ||    74
         Plate armour      |       |    44 |    63 ||   107
         Chain mail        |       |       |    80 ||    80
  Dodge: Dodged            |    40 |    52 |    66 ||   158
  Block: Buckler           |    31 |    33 |    45 ||   109

Table legend: (Time is in decaauts)
 A = Elapsed time spent in this place.
 B = Non-inter-level travel time spent in this place.
 C = Inter-level travel time spent in this place.
 D = Time resting spent in this place.
 E = Time spent auto-exploring this place.
 F = Levels seen in this place.
 G = Mean time per level.
                   A        B        C        D        E       F      G
               +--------+--------+--------+--------+--------+-----+--------+
         Total |   5263 |   4958 |    305 |      0 |   3466 |   9 |  584.8 |
       Dungeon |   5118 |   4813 |    305 |      0 |   3430 |   7 |  731.1 |
        Temple |      1 |      1 |      0 |      0 |      0 |   1 |    1.0 |
        Bailey |    143 |    143 |      0 |      0 |     36 |   1 |  143.0 |
               +--------+--------+--------+--------+--------+-----+--------+

Top non-repeatable levels by time:
     D:1: 982 daAuts
     D:5: 929 daAuts
     D:4: 911 daAuts
     D:2: 881 daAuts
     D:6: 743 daAuts
     D:3: 618 daAuts
  Bailey: 143 daAuts
     D:7: 52 daAuts
  Temple: 1 daAuts
